 Dungeon Crawl Stone Soup version 0.30-a0-859-gf88a04b62d (webtiles) character file.

Game seed: 9614452747134084693

82 Dittersdorf the Shield-Bearer (level 4, -1/29 HPs)
             Began as a Gargoyle Fighter on Mar 6, 2023.
             Slain by a gnoll
             ... wielding a +0 halberd
             ... led by a gnoll bouda
              (10 damage)
             ... on level 3 of the Dungeon.
             The game lasted 00:02:44 (2147 turns).

Dittersdorf the Shield-Bearer (Gargoyle Fighter)    Turns: 2147, Time: 00:02:45

Health: -1/29      AC: 14    Str: 22    XL:     4   Next: 43%
Magic:  13/13      EV:  6    Int:  8    God:
Gold:   119        SH:  8    Dex:  9    Spells: 3/3 levels left

rFire   . . .      SeeInvis .    a - +0 flail
rCold   + . .      Faith    .    n - +0 kite shield
rNeg    + . .      Spirit   .    c - +0 chain mail
rPois   ∞          Reflect  .    (no helmet)
rElec   +          Rampage  .    (no cloak)
rCorr   .                        (no gloves)
Will    .....                    k - +0 pair of boots Stlth
                                 (no amulet)
HPRegen 0.24/turn                j - ring of protection from cold
MPRegen 0.13/turn                o - ring of magical power

@: no status effects
A: sickness immunity, AC +3, negative energy resistance 1, electricity
resistance, torment resistance 1, petrification resistance
a: no special abilities


You were on level 3 of the Dungeon.
You visited 1 branch of the dungeon, and saw 4 of its levels.

You collected 119 gold pieces.

Inventory:

Hand Weapons
 a - a +0 flail (weapon)
Missiles
 l - 15 poisoned darts (quivered)
Armour
 c - a +0 chain mail (worn)
 k - a +0 pair of boots (worn)
 n - a +0 kite shield (worn)
Jewellery
 j - a ring of protection from cold (left hand)
 o - a ring of magical power (right hand)
Wands
 p - a wand of roots (8)
Scrolls
 f - a scroll of magic mapping {unknown}
 g - a scroll of enchant armour {unknown}
 h - a scroll of enchant weapon {unknown}
 i - 3 scrolls of teleportation {unknown}
 m - a scroll of identify {unknown}
Potions
 b - a potion of mutation {unknown}
 d - a potion of might
 e - 2 potions of berserk rage {unknown}


   Skills:
 + Level 4.0 Fighting
 + Level 2.8 Maces & Flails
 + Level 3.9 Armour
 + Level 4.0 Shields


You had 3 spell levels left.
You didn't know any spells.
Your spell library was empty.

Dungeon Overview and Level Annotations

Branches:
Dungeon (4/15)
 Temple: D:4-7

Altars:
Ru

Annotations:
D:2 1 runed translucent door, Crazy Yiuf


Innate Abilities, Weirdness & Mutations

You are immune to sickness and miasma.
Your stone body is resilient. (AC +3)
You are immune to poison.
You resist negative energy. (rN+)
You are resistant to electric shocks. (rElec)
You are resistant to unholy torment.
You are immune to petrification.


Message History

You start resting.
HP restored.
You climb downwards.
The gnoll hits you with a +0 halberd!
The gnoll bouda barks out a call to the hunt!
The gnolls pick up the pace!
You hear a shout!
There is a stone staircase leading up here.
The gnoll closely misses you.
You climb upwards.
There is a stone staircase leading down here.
You barely miss the gnoll. The gnoll barely misses you.
You hit the gnoll.
The gnoll is heavily wounded.
The gnoll hits you with a +0 halberd! The gnoll barely misses you.
You are too injured to fight recklessly!
You are too injured to fight recklessly!
You are too injured to fight recklessly!
You are too injured to fight recklessly!
You are too injured to fight recklessly!
You are too injured to fight recklessly!
You are too injured to fight recklessly!
You are too injured to fight recklessly!
You are too injured to fight recklessly!
You are too injured to fight recklessly!
You are too injured to fight recklessly!
You are too injured to fight recklessly!
You are too injured to fight recklessly!
You are too injured to fight recklessly!
You are too injured to fight recklessly!
You barely miss the gnoll.
The gnoll is heavily wounded.
The gnoll hits you but does no damage.
You hit the gnoll but do no damage.
The gnoll is heavily wounded.
The gnoll barely misses you. The gnoll hits you with a +0 halberd!
* * * LOW HITPOINT WARNING * * *
You hit the gnoll but do no damage.
The gnoll is heavily wounded.
The gnoll hits you with a +0 halberd!
You die...

#.##.######.#.#
#.##........#'##
#.##########...##
##.#...## ##.....##
#...###.###.......##
#.#.# #.##....÷....#
##...###..'.........'
#.......###.........#
#.#g@..## ##.......##
#...#### ##.....##
##.## ##...## #.#
####'#### #.#
#.......# #.#
#.##.##.# #.#
#....[#.# #.#
#.#...#.## #.#
#.....(...


You could see a gnoll (swift).

Vanquished Creatures
  2 adders
  A gnoll (D:3)
  3 worms
  2 dart slugs
  4 ball pythons
  6 endoplasms
  A giant cockroach (D:2)
  5 hobgoblins
  4 kobolds
  A quokka (D:2)
  2 bats
  A frilled lizard (D:1)
  4 goblins
  6 rats
42 creatures vanquished.

Notes
Turn   | Place    | Note
-------+----------+-------------------------------------------
     0 | D:1      | Dittersdorf the Gargoyle Fighter began the quest for the
                  | Orb.
     0 | D:1      | Reached XP level 1. HP: 14/14 MP: 1/1
   154 | D:1      | Reached XP level 2. HP: 18/19 MP: 2/2
   219 | D:1      | Noticed a golden eye
   233 | D:1      | Noticed a golden eye
   240 | D:1      | Found a faded altar of an unknown god.
   242 | D:1      | Noticed a shining eye
   242 | D:1      | Noticed a golden eye
   458 | D:2      | Found a sacrificial altar of Ru.
   599 | D:2      | Reached XP level 3. HP: 19/24 MP: 3/3
   955 | D:2      | Found a runed translucent door.
   956 | D:2      | Noticed Crazy Yiuf
  1362 | D:3      | Reached XP level 4. HP: 22/29 MP: 4/4
  2147 | D:3      | Slain by a gnoll

Illustrated notes

Levels and vault maps discovered:
D:1:      eino_arrival_druids_welcome, layout_rooms,
          hellmonk_ecumenical_altar_watching_god
D:2:      layout_loops_ring, basic_altar, uniq_crazy_yiuf_cottage
D:3:      layout_loops_corners, dk_noncrumbling_3
D:4:      minmay_polygon_palace, layout_loops_cross, serial_bayou,
          serial_bayou_lagoon_b, serial_bayou_pond_c, serial_bayou_lagoon_a,
          serial_bayou_lake_a, uniq_natasha, uniq_edmund, uniq_ijyb

Skill      XL: |  1  2  3  4 |
---------------+-------------+-----
Shields        | 4 |  4.0
Fighting       | 4 |  4.0
Maces & Flails | |  2.8
Armour         | |  3.9

Action                     |  1- 3 |  4- 6 || total
---------------------------+-------+-------++-------
  Melee: Flail             |    88 |    46 ||   134
 Armour: Scale mail        |    37 |       ||    37
         Chain mail        |     8 |    23 ||    31
  Dodge: Dodged            |    27 |    17 ||    44
  Block: Buckler           |     9 |       ||     9
         Kite shield       |     5 |    11 ||    16

Table legend: (Time is in decaauts)
 A = Elapsed time spent in this place.
 B = Non-inter-level travel time spent in this place.
 C = Inter-level travel time spent in this place.
 D = Time resting spent in this place.
 E = Time spent auto-exploring this place.
 F = Levels seen in this place.
 G = Mean time per level.
                   A        B        C        D        E       F      G
               +--------+--------+--------+--------+--------+-----+--------+
         Total |   2194 |   2125 |     69 |      3 |   1721 |   4 |  548.5 |
       Dungeon |   2194 |   2125 |     69 |      3 |   1721 |   4 |  548.5 |
               +--------+--------+--------+--------+--------+-----+--------+

Top non-repeatable levels by time:
     D:3: 992 daAuts
     D:2: 781 daAuts
     D:1: 416 daAuts
     D:4: 4 daAuts
